 Dungeon Crawl Stone Soup version 0.30-a0-723-gc1506a1cf0 (webtiles) character file.

Game seed: 12915597361581812196

554 Absynth the Changer (level 7, -7/52 HPs)
             Began as a Pale Draconian Transmuter on Jan 28, 2023.
             Mangled by a gnoll
             ... wielding a +0 spear
             ... led by a gnoll bouda
              (8 damage)
             ... on level 5 of the Dungeon.
             The game lasted 00:09:38 (3693 turns).

Absynth the Changer (Pale Draconian Transmuter)     Turns: 3693, Time: 00:09:39

Health: -7/52      AC:  2    Str: 12    XL:     7   Next: 8%
Magic:  4/10       EV: 19    Int: 16    God:
Gold:   157        SH:  0    Dex: 16    Spells: 4/10 levels left

rFire   + . .      SeeInvis .      - Unarmed
rCold   . . .      Faith    .    (shield currently unavailable)
rNeg    . . .      Spirit   .    (body armour unavailable)
rPois   x          Reflect  .    (helmet currently unavailable)
rElec   .          Harm     .    (cloak currently unavailable)
rCorr   .          Rampage  .    (gloves currently unavailable)
Will    .....                    (boots currently unavailable)
Stlth   +                        (no amulet)
HPRegen 0.28/turn                v - ring of protection from fire
MPRegen 0.12/turn                (no ring)

@: mighty, spider-form
A: venomous fangs, (breathe steam), AC +6, tiny, unfitting armour,
(cold-blooded), (steam resistance)
a: End Transformation


You were on level 5 of the Dungeon.
You were a venomous arachnid creature.
You visited 1 branch of the dungeon, and saw 5 of its levels.

You collected 157 gold pieces.

Inventory:

Missiles
 d - 2 silver javelins
 u - 4 poisoned darts
 y - a throwing net
Armour
 m - a +0 pair of boots (melded)
Magical Staves
 z - a staff of earth
Jewellery
 v - a ring of protection from fire (left front pincers)
Wands
 p - a wand of polymorph (7)
Scrolls
 b - 2 scrolls of blinking {unknown}
 e - 9 scrolls of identify {unknown}
 f - 2 scrolls of immolation {unknown}
 g - a scroll of vulnerability {unknown}
 o - a scroll of magic mapping {unknown}
 q - a scroll of enchant weapon {unknown}
 r - a scroll of enchant armour {unknown}
 s - 3 scrolls of teleportation {unknown}
 t - a scroll of fog {unknown}
 w - a scroll of fear {unknown}
 x - a scroll of butterflies {unknown}
Potions
 a - a potion of lignification
 c - a potion of resistance {unknown}
 h - a potion of cancellation {unknown}
 i - 2 potions of might
 j - a potion of haste {unknown}
 k - 2 potions of invisibility {unknown}
 l - 3 potions of degeneration {unknown}
 n - a potion of mutation {unknown}
 A - a potion of curing {unknown}


   Skills:
 - Level 1.4 Fighting
 - Level 2.0 Dodging
 + Level 4.5 Unarmed Combat
 - Level 2.2 Spellcasting
 + Level 5.8 Transmutations
 - Level 3.0 Poison Magic


You had 4 spell levels left.
You knew the following spells:

 Your Spells              Type           Power      Damage    Failure   Level
a - Beastly Appendage     Tmut           40%        N/A       8%          1
s - Spider Form           Tmut/Pois      15%        N/A       24%         3
w - Wereblood             Tmut           20%        N/A       10%         2

Your spell library contained the following spells:

 Spells                   Type           Power      Damage    Failure   Level
 Sting                    Tmut/Pois      60%        1d6       11%         1
 Poisonous Vapours        Pois/Air       12%        N/A       36%         2
 Apportation              Tloc           2%         N/A       41%         1
 Magic Dart               Conj           4%         1d3       41%         1
 Blink                    Tloc           2%         N/A       52%         2
 Lesser Beckoning         Tloc           2%         N/A       52%         2
 Momentum Strike          Conj/Tloc      2%         3d8       52%         2
 Scorch                   Fire           2%         2d5       52%         2
 Searing Ray              Conj           2%         2d4       52%         2
 Sublimation of Blood     Necr           1%         N/A       52%         2
 Gell's Gravitas          Tloc           1%         N/A       73%         3
 Teleport Other           Tloc           1%         N/A       73%         3
 Ice Form                 Ice/Tmut       11%        N/A       73%         4
 Olgreb's Toxic Radiance  Pois           11%        N/A       73%         4
 Petrify                  Tmut/Erth      11%        N/A       73%         4
 Flame Wave               Conj/Fire      1%         2d4       97%         4
 Fulminant Prism          Conj/Hex       0%         3d5       97%         4
 Alistair's Intoxication  Tmut/Pois      10%        N/A       85%         5
 Irradiate                Conj/Tmut      5%         3d13      95%         5
 Summon Cactus Giant      Summ           0%         N/A       100%        6


Dungeon Overview and Level Annotations

Branches:
Dungeon (5/15)
 Temple: D:4-7

Altars:
Cheibriados
Gozag
Nemelex Xobeh
Qazlal
Vehumet
Zin
The Shining One


Innate Abilities, Weirdness & Mutations

You are a venomous arachnid creature.
You have venomous fangs.
You are tiny and dextrous.
Your spellcasting is less reliable in this form.
Your armour is entirely melded.
You are incapable of wielding weapons or throwing items.
((You can breathe blasts of scalding, opaque steam.))
((Your pale cyan-grey scales are hard. (AC +6)))
You cannot fit into any form of body armour.
((You are cold-blooded and may be slowed by cold attacks.))
((You are immune to the effects of steam.))


Message History

The gnoll misses you. x2
You hit the gnoll.
You feel a bit better.
You kill the gnoll!
The gnoll completely misses you.
Your primal bloodlust is almost over.
The gnoll misses you.
Things that are here:
a +0 flail; a gnoll corpse You hit the gnoll.
The gnoll is lightly wounded.
Your transformation has ended.
Your +0 pair of boots unmelds from your body.
The gnoll hits you with a +0 spear.
* * * LOW HITPOINT WARNING * * *
You barely miss the gnoll. You tail-slap the gnoll.
The gnoll is moderately wounded.
The gnoll hits you with a +0 spear.
* * * LOW HITPOINT WARNING * * *
You hit the gnoll but do no damage.
The gnoll is moderately wounded.
The gnoll is no longer moving quickly.
The gnoll hits you with a +0 spear.
* * * LOW HITPOINT WARNING * * *
The iguana bites you.
* * * LOW HITPOINT WARNING * * *
You hit the gnoll.
The gnoll is heavily wounded.
The gnoll hits you with a +0 spear!
* * * LOW HITPOINT WARNING * * *
The iguana bites you but does no damage.
Casting: Wereblood (safe; 2% risk of failure)
Confirm with . or Enter, or press ? or * to list all spells.
You turn into a venomous arachnid creature.
Your +0 pair of boots melds into your body.
The gnoll hits you with a +0 spear.
* * * LOW HITPOINT WARNING * * *
The iguana closely misses you.
It was a potion of might.
You feel very mighty all of a sudden.
Your primal bloodlust has ended.
The gnoll hits you with a +0 spear!
You die...

##.#......[#.##.######.#
........................
#.........##.##.##......
...#.#######............
#.##.# #.###.#.#.#.
#..#.### #.###.# #
#......#####.#.))#
#...........<###l#
.......#####.# #s#
..(....# #.# #g#
#......# #. #.#
#......### #.#
.........# #..
.......### ...
.......### .#.
........... . ..
##.#...###.#


You could see an iguana and a gnoll.

Vanquished Creatures
  2 scorpions (D:4)
  A howler monkey (D:4)
  A hound (D:5)
  2 jellies (D:4)
  An orc priest (D:3)
  A gnoll bouda (D:5)
  2 orc wizards (D:4)
  Robin (D:2)
  3 gnolls (D:5)
  2 adders
  A white imp (D:4)
  An ufetubus (D:4)
  3 worms
  3 dart slugs
  9 orcs
  6 bats
  3 endoplasms
  6 giant cockroaches
  14 goblins
  7 hobgoblins
  6 jackals
  5 quokkas
  10 ball pythons
  5 frilled lizards
  10 kobolds
  5 rats
110 creatures vanquished.

Vanquished Creatures (others)
  6 fungi (D:4)
  6 plants (D:4)
12 creatures vanquished.

Grand Total: 122 creatures vanquished

Notes
Turn   | Place    | Note
-------+----------+-------------------------------------------
     0 | D:1      | Absynth the Draconian Transmuter began the quest for the
                  | Orb.
     0 | D:1      | Reached XP level 1. HP: 16/16 MP: 3/3
   188 | D:1      | Reached XP level 2. HP: 17/23 MP: 3/5
   253 | D:1      | Learned a level 2 spell: Wereblood
   818 | D:1      | Found a faded altar of an unknown god.
  1007 | D:2      | Reached XP level 3. HP: 20/28 MP: 4/6
  1207 | D:2      | Learned a level 3 spell: Spider Form
  1311 | D:2      | Found a glowing golden altar of the Shining One.
  1367 | D:2      | Noticed Robin
  1384 | D:2      | Reached skill level 1 in Poison Magic
  1392 | D:2      | Killed Robin
  1393 | D:2      | Reached skill level 3 in Transmutations
  1393 | D:2      | Reached XP level 4. HP: 35/35 MP: 5/7
  2063 | D:3      | Found a stormy altar of Qazlal.
  2065 | D:3      | Noticed a fire elemental
  2066 | D:3      | Noticed an air elemental
  2066 | D:3      | Noticed an earth elemental
  2066 | D:3      | Noticed a water elemental
  2338 | D:3      | Reached XP level 5. HP: 40/40 MP: 6/8
  2449 | D:4      | Reached skill level 4 in Transmutations
  2634 | D:4      | Reached skill level 5 in Transmutations
  2634 | D:4      | Reached XP level 6. HP: 47/47 MP: 5/9
  3130 | D:4      | Found an opulent altar of Gozag.
  3130 | D:4      | Found a glowing silver altar of Zin.
  3421 | D:4      | Found a snail-covered altar of Cheibriados.
  3425 | D:4      | Found a sparkling altar of Nemelex Xobeh.
  3428 | D:4      | Found a radiant altar of Vehumet.
  3548 | D:5      | Entered Level 5 of the Dungeon
  3678 | D:5      | Your scales start taking on a pale cyan-grey colour.
  3678 | D:5      | Reached XP level 7. HP: 39/52 MP: 5/10
  3678 | D:5      | Gained mutation: You are immune to the effects of steam.
                  | [Pale Draconian growth]
  3692 | D:5      | HP: 1/52 [gnoll/+0 spear[a gnoll bouda] (2)]
  3693 | D:5      | Mangled by a gnoll

Illustrated notes

Levels and vault maps discovered:
D:1:      matt_arrival_debris, layout_basic,
          hellmonk_ecumenical_altar_inner_sanctum
D:2:      layout_rooms, basic_altar, minivault_25, uniq_robin
D:3:      layout_basic, nicolae_qazlal_style_of_elements
D:4:      layout_basic, grunt_temple_overflow_gold_and_silver,
          minmay_overflow_temple_star_quad, dreamdust_mushroom_princess,
          grunt_ministairs_6, serial_bayou_pond_c
D:5:      layout_basic, temple_hall

Skill      XL: |  1  2  3  4  5  6 |
---------------+-------------------+-----
Dodging        | 2 |  2.0
Poison Magic   | 1 2 3 |  3.0
Transmutations | 3 5 |  5.8
Unarmed Combat | 4 |  4.5
Fighting       | |  1.4
Spellcasting   | |  2.2

Action                     |  1- 3 |  4- 6 |  7- 9 || total
---------------------------+-------+-------+-------++-------
  Melee: Unarmed           |   116 |   165 |    11 ||   292
         Headbutt          |     9 |    12 |       ||    21
         Kick              |    16 |    29 |       ||    45
         Tailslap          |     7 |     9 |     1 ||    17
         Punch             |     1 |       |       ||     1
  Throw: Javelin           |     2 |       |       ||     2
   Cast: Beastly Appendage |    26 |    23 |       ||    49
         Wereblood         |     1 |     6 |       ||     7
         Spider Form       |       |    10 |     1 ||    11
    Use: Potion            |       |       |     1 ||     1
   Stab: Sleeping          |     1 |     1 |       ||     2
 Armour: Skin              |    42 |    31 |     1 ||    74
  Dodge: Dodged            |    66 |    96 |    17 ||   179

Table legend: (Time is in decaauts)
 A = Elapsed time spent in this place.
 B = Non-inter-level travel time spent in this place.
 C = Inter-level travel time spent in this place.
 D = Time resting spent in this place.
 E = Time spent auto-exploring this place.
 F = Levels seen in this place.
 G = Mean time per level.
                   A        B        C        D        E       F      G
               +--------+--------+--------+--------+--------+-----+--------+
         Total |   3675 |   3531 |    144 |     60 |   2676 |   5 |  735.0 |
       Dungeon |   3675 |   3531 |    144 |     60 |   2676 |   5 |  735.0 |
               +--------+--------+--------+--------+--------+-----+--------+

Top non-repeatable levels by time:
     D:4: 1103 daAuts
     D:1: 978 daAuts
     D:3: 756 daAuts
     D:2: 694 daAuts
     D:5: 142 daAuts
